Map: Dusk Towers

Players

Zasa - Winner!

  • Race: Protoss Protoss
  • League: Master

Miszu

  • Race: Terran Terran
  • League: Master

VOD

Have the link to the VOD?

Description

Time

  • Played on: June 13, 2016, 1:37 p.m.
  • Length: 3:25
Show
View Real Time Build Order
Export as new Build Order

Zasa Protoss - Winner!

Build Orders: Oracle Opening 

Get SALT Encoding   

  12  0:00  Probe (Chrono Boost)  
  13  0:11  Probe (Chrono Boost)  
  14  0:17  Pylon  
  14  0:22  Probe (Chrono Boost)  
  15  0:35  Probe (Chrono Boost)  
  16  0:36  Gateway  
  16  0:45  Assimilator  
  16  0:46  Probe (Chrono Boost)  
  17  0:51  Assimilator  
  17  0:56  Probe (Chrono Boost)  
  18  1:07  Probe (Chrono Boost)  
  19  1:17  Probe (Chrono Boost)  
  20  1:23  Cybernetics Core  
  20  1:28  Pylon, Probe (Chrono Boost)  
  21  1:39  Probe (Chrono Boost)  
  22  1:49  Probe (Chrono Boost)  
  23  1:59  Stargate  
  23  2:00  Probe (Chrono Boost)  
  24  2:07  Stalker (Chrono Boost)  
  26  2:27  Nexus  
  25  2:36  Stalker (Chrono Boost)  
  27  2:45  Oracle (Chrono Boost)  
  30  2:52  Pylon  
  30  3:13  Probe  
Show
View Real Time Build Order
Export as new Build Order

Miszu Terran 

Build Orders: Reaper Expand 

Get SALT Encoding   

  12  0:01  SCV  
  13  0:13  SCV  
  14  0:23  Supply Depot  
  14  0:26  SCV  
  15  0:45  SCV  
  15  0:48  Barracks  
  16  0:52  Refinery  
  16  0:57  SCV  
  17  1:09  SCV  
  18  1:21  SCV  
  19  1:35  Orbital Command  
  19  1:36  Reaper  
  20  1:42  Command Center  
  20  2:01  SCV  
  20  2:05  Supply Depot  
  21  2:08  Barracks Reactor  
  21  2:14  SCV  
  22  2:19  Refinery  
  22  2:26  SCV  
  23  2:30  Factory  
  23  2:38  SCV  
  24  2:48  Marine  
  24  2:49  Marine  
  24  2:50  SCV  
  27  3:07  Factory  
  27  3:08  SCV  
Tags
 
Add a new tag
Caveats
  • Supply blocks, unpowered buildings, or Contaminate may cause inaccurate times.
  • Supply counts are checked every 10 seconds.